 Dungeon Crawl Stone Soup version 0.30-a0-219-gf2db51d15e (webtiles) character file.

Game seed: 4640240228426992302

119084 glaedl the Brawler (level 16, -31/154 HPs)
             Began as a Troll Fighter on Oct 7, 2022.
             Was a High Priest of Qazlal.
             Killed from afar by an eleionoma (42 damage)
             ... with a spray of wooden splinters
             ... on level 3 of the Swamp.
             The game lasted 01:59:27 (19938 turns).

glaedl the Brawler (Troll Fighter)                 Turns: 19938, Time: 01:59:27

Health: -31/154    AC:  9    Str: 40    XL:     16   Next: 27%
Magic:  17/17      EV: 13    Int:  5    God:    Qazlal [*****.]
Gold:   1349       SH: 25    Dex: 11    Spells: 15/15 levels left

rFire   + . .      SeeInvis +      - Unarmed
rCold   + + .      Faith    .    z - +1 kite shield of the Trombone {Harm Will+ rCorr Str+2}
rNeg    + + .      Spirit   .    c - +2 robe of Heedah {rPois rC++ Int-3 Dex+2}
rPois   +          Reflect  +    (helmet restricted)
rElec   +          Harm     +    h - +2 cloak {Will+}
rCorr   +          Rampage  .    (gloves unavailable)
Will    +++..                    (boots unavailable)
Stlth   +.........               w - amulet of reflection
HPRegen 1.25/turn                S - ring "Guympotti" {Fly rN+ Int+4 SInv}
MPRegen 0.15/turn                M - ring of Imoikesch {rElec rF+ rN+ Str+4}

@: about to teleport, flying, repel missiles
A: large, unfitting armour, claws 3, regeneration 1, shaggy fur 1, tough skin 1
a: Renounce Religion, Upheaval, Elemental Force, Disaster Area


You were on level 3 of the Swamp.
You worshipped Qazlal.
Qazlal was extremely pleased with you.
You visited 4 branches of the dungeon, and saw 23 of its levels.
You also visited: Bailey, Ice Cave and Volcano.

You collected 2505 gold pieces.
You spent 1156 gold pieces at shops.

Inventory:

Hand Weapons
 y - a +1 whip of freezing
 H - a +4 demon whip of flaming
Missiles
 x - 5 throwing nets
 B - 33 large rocks
Armour
 c - the +2 robe of Heedah (worn) {rPois rC++ Int-3 Dex+2}
   (You found it on level 7 of the Dungeon)

   Int:       It affects your intelligence (-3).
   Dex:       It affects your dexterity (+2).
   rC:        It greatly protects you from cold.
   rPois:     It protects you from poison.
 h - a +2 cloak of willpower (worn)
 z - the +1 kite shield of the Trombone (worn) {Harm Will+ rCorr Str+2}
   (You acquired it in a bailey)

   Str:       It affects your strength (+2).
   rCorr:     It protects you from acid and corrosion.
   Harm:      It increases damage dealt and taken.
   Will:      It increases your willpower.
Jewellery
 b - a ring of protection from cold
 w - an amulet of reflection (around neck)
 M - the ring of Imoikesch (right claw) {rElec rF+ rN+ Str+4}
   (You bought it in a shop on level 2 of the Orcish Mines)

   [ring of positive energy]

   Str:       It affects your strength (+4).
   rF:        It protects you from fire.
   rElec:     It insulates you from electricity.
   rN:        It protects you from negative energy.
 R - the amulet "Maurri" {Regen+ Int+3}
   (You found it on level 11 of the Dungeon)

   [amulet of regeneration]

   Int:       It affects your intelligence (+3).
   Regen:     It increases your rate of health regeneration.
 S - the ring "Guympotti" (left claw) {Fly rN+ Int+4 SInv}
   (You found it on level 11 of the Dungeon)

   [ring of flight]

   Int:       It affects your intelligence (+4).
   rN:        It protects you from negative energy.
   SInv:      It lets you see invisible.
   Fly:       It grants you flight.
 T - the ring of Shadows {Umbra +Inv Stlth+}
   (You found it on level 11 of the Dungeon)

   [ring of stealth]

   It surrounds you with an aura of shadow, increasing your stealth and reducing
   the accuracy of all others within it.
   +Inv:      It lets you turn invisible.
   Stlth:     It makes you more stealthy.
Wands
 a - a wand of flame (20)
 e - a wand of digging (5)
 m - a wand of charming (8) (quivered)
 o - a wand of iceblast (19)
 I - a wand of mindburst (24)
 V - a wand of polymorph (3)
Scrolls
 d - 2 scrolls of amnesia
 l - 5 scrolls of identify
 p - 5 scrolls of brand weapon
 s - 4 scrolls of enchant weapon
 u - 3 scrolls of teleportation
 C - a scroll of enchant armour
 D - 2 scrolls of magic mapping
 K - a scroll of poison
 O - 2 scrolls of fear
 Q - 2 scrolls of immolation
 U - a scroll of summoning
Potions
 f - 2 potions of flight
 i - 5 potions of mutation
 j - 9 potions of brilliance
 k - a potion of curing
 n - 3 potions of invisibility
 q - 5 potions of resistance
 r - 2 potions of ambrosia
 t - 2 potions of lignification
 A - a potion of cancellation
 J - 2 potions of magic
Miscellaneous
 E - a lightning rod (4/4)


   Skills:
 + Level 8.9 Fighting
 + Level 6.3 Maces & Flails
 + Level 0.8 Throwing
 + Level 12.0 Dodging
 + Level 2.0 Stealth
 + Level 14.3 Shields
 + Level 17.4 Unarmed Combat
 + Level 3.1 Invocations
 + Level 1.6 Evocations


You had 15 spell levels left.
You didn't know any spells.
Your spell library contained the following spells:

 Spells                   Type           Power      Damage    Failure   Level
 Apportation              Tloc           0%         N/A       63%         1
 Beastly Appendage        Tmut           0%         N/A       63%         1
 Freeze                   Ice            0%         1d3       63%         1
 Necrotise                Necr           0%         1d4       63%         1
 Summon Small Mammal      Summ           0%         N/A       63%         1
 Cigotuvi's Dreadful Rot  Necr/Pois/Air  0%         N/A       77%         2
 Momentum Strike          Conj/Tloc      0%         3d8       77%         2
 Poisonous Vapours        Pois/Air       0%         N/A       77%         2
 Wereblood                Tmut           0%         N/A       77%         2
 Frozen Ramparts          Ice            0%         1d1       94%         3
 Gell's Gravitas          Tloc           0%         N/A       94%         3
 Hailstorm                Conj/Ice       0%         3d3       94%         3
 Lesser Beckoning         Tloc           0%         N/A       94%         3
 Mephitic Cloud           Conj/Pois/Air  0%         N/A       94%         3
 Spider Form              Tmut/Pois      0%         N/A       94%         3
 Stone Arrow              Conj/Erth      0%         3d7       94%         3
 Teleport Other           Tloc           0%         N/A       94%         3
 Tukima's Dance           Hex            0%         N/A       94%         3
 Vampiric Draining        Necr           0%         2d6       94%         3
 Animate Armour           Summ/Erth      0%         N/A       100%        4
 Passage of Golubria      Tloc           0%         N/A       100%        4
 Agony                    Necr           0%         N/A       100%        5
 Alistair's Intoxication  Tmut/Pois      0%         N/A       100%        5
 Borgnjor's Vile Clutch   Necr/Erth      0%         N/A       100%        5
 Yara's Violent Unravell  Hex/Tmut       0%         3d3       100%        5
 Eringya's Noxious Bog    Tmut/Pois      0%         N/A       100%        6
 Starburst                Conj/Fire      0%         6d3       100%        6
 Lehudib's Crystal Spear  Conj/Erth      0%         10d2      100%        8


Dungeon Overview and Level Annotations

Branches:
Dungeon (13/15)            Temple (0/1) D:7            Lair (5/5) D:9
  Swamp (3/4) Lair:3        Snake (0/4) Lair:3        Slime (0/5) Lair:5
    Orc (2/2) D:11            Elf (0/3) Orc:2        Bailey (visited)
  IceCv (visited)         Volcano (visited)
 Vaults: D:13-14

Altars:
Elyvilon
Fedhas
Gozag
Makhleb
Qazlal
Sif Muna
Trog
Uskayaw
Vehumet
Yredelemnul

Shops:
D:2 *   D:6 [   D:8 *   D:11 (   Orc:2 *===*

Annotations:
Lair:3 exclusion: oklob plant


Innate Abilities, Weirdness & Mutations

You are too large for most types of armour.
You have claws for hands.
Your natural rate of healing is unusually fast.
You are covered in fur. (AC +1)
You have tough skin. (AC +1)


Message History

* * * LOW HITPOINT WARNING * * *
You feel better.
Your butterfly is engulfed in freezing vapours.
You kill your butterfly!
Your butterfly disappears in a burst of colours!
Your butterfly is engulfed in freezing vapours.
You kill your butterfly!
Your butterfly disappears in a burst of colours!
Your butterfly is engulfed in freezing vapours.
You kill your butterfly!
Your butterfly disappears in a burst of colours!
Your butterfly is engulfed in freezing vapours.
You kill your butterfly!
Your butterfly disappears in a burst of colours!
The spriggan air mage waves its arms in wide circles.
The air twists around and strikes you!!
* * * LOW HITPOINT WARNING * * *
Your butterfly is struck by lightning.
You kill your butterfly!
Your butterfly disappears in a burst of colours!
Your butterfly is engulfed in freezing vapours.
You kill your butterfly!
Your butterfly disappears in a burst of colours!
As you read the scroll of teleportation, it crumbles to dust.
You feel strangely unstable. Something hits your butterfly!
Your butterfly dies!
Your butterfly disappears in a burst of colours!
Your surroundings suddenly seem different.
A swamp dragon and an eleionoma come into view.
Found four items.
The swamp dragon roars deafeningly!
The eleionoma shouts!
You hear a deafening roar!
You hear a shout!
A swamp dragon comes into view.
The eleionoma flows through the trees.
As you read the scroll of teleportation, it crumbles to dust.
You feel strangely unstable.
The eleionoma hurls a spray of splinters at you.
The spray of wooden splinters hits you!!
You die...

.....~...## ~
.~D.~.... .. ♣§
~~...~!# .~~
.~.♣).....##...
♣(..~..~...#...~
..~.§R...~..##~~
~..~.~..○§~....~
.~~.§.○☼~☼./.§..
~...~§☼○@.~...~.
..~.....○..~..~.
~.~D~~~....§~~.~
..~.~.§~.~.~.~~~
......~§.....~♣.
♣♣♣.~♣♣~..~♣.♣♣
♣♣♣ ♣♣♣♣♣♣♣♣


You could see an eleionoma and 2 swamp dragons.

Vanquished Creatures
  Frances (D:12)
  Donald (Swamp:2)
  A fenstrider witch (Swamp:1)
  2 orc warlords
  A reaper (IceCv)
  A stone giant (Volcano)
  A slime creature (D:13)
  5 bunyips
  3 eleionomae
  A dire elephant (Lair:4)
  An ettin (Orc:1)
  Snorg (D:11)
  Josephine (D:10)
  6 hydras
  Harold (D:9)
  4 catoblepae (Lair:5)
  3 centaur warriors
  Erica (Lair:2)
  7 death yaks (Lair:5)
  6 boulder beetles
  7 two-headed ogres
  2 tengu warriors
  6 alligators
  3 orc high priests (Orc:2)
  14 spriggans
  Amaemon (Lair:3)
  4 skeletal warriors (D:12)
  4 goliath frogs
  5 spriggan druids
  5 swamp dragons
  2 bog bodies
  Pikel (D:9)
  A wizard (D:11)
  A deep elf pyromancer (D:11)
  5 orc knights
  2 ugly things (D:11)
  6 orc sorcerers
  3 manticores
  3 elephants (Lair:4)
  5 cyclopes
  Joseph (D:7)
  8 black mambas
  3 gargoyles
  2 ice statues (IceCv)
  A torpor snail (Lair:1)
  9 cane toads
  6 komodo dragons
  2 kobold demonologists (D:12)
  An orange demon (Lair:3)
  Psyche (D:12)
  3 rime drakes
  An efreet (Volcano)
  6 ice devils (IceCv)
  6 trolls
  A meliai (D:11)
  2 bloated husks
  A polar bear (Lair:1)
  11 hornets
  5 tyrant leeches
  Prince Ribbit (D:7)
  2 tarantellas (shapeshifter) (D:11)
  3 dream sheep (Lair:1)
  21 blink frogs
  Sigmund (D:2)
  A shadow (D:10)
  71 yaks
  6 wyverns
  2 dire elephant simulacra (IceCv)
  An air elemental (D:13)
  5 fire bats (Volcano)
  10 wraiths
  A fire elemental (Volcano)
  2 basilisks
  A death yak simulacrum (IceCv)
  5 steam dragons
  6 vampire mosquitoes
  2 wargs
  8 swamp worms
  An acid dragon (D:12)
  24 water moccasins
  6 swamp drakes
  4 sky beasts
  An ice beast (D:7)
  25 orc warriors
  5 ogres
  23 wolves
  9 centaurs
  3 phantoms
  A lemure (D:9)
  A kobold brigand (D:12)
  2 earth elementals (Volcano)
  16 bullfrogs
  2 two-headed ogre simulacra (IceCv)
  A cane toad simulacrum (IceCv)
  2 scorpions
  4 wights (D:6)
  6 killer bees
  An elephant simulacrum (IceCv)
  2 howler monkeys (D:12)
  6 lava snakes (Volcano)
  12 orc priests
  4 jellies
  2 hounds
  Crazy Yiuf (D:3)
  3 gnoll boudas
  4 iguanas
  22 orc wizards
  Natasha (thrice) (D:2)
  4 polar bear simulacra (IceCv)
  2 spriggan simulacra (IceCv)
  A wolf simulacrum (IceCv)
  23 gnolls
  4 adders
  A naga simulacrum (IceCv)
  A shadow imp (D:6)
  8 white imps
  2 ufetubi
  2 worms
  2 dart slugs
  61 orcs
  4 bats
  5 endoplasms
  4 giant cockroaches
  22 goblins
  16 hobgoblins
  2 jackals (D:3)
  5 quokkas
  2 ball pythons
  6 frilled lizards
  5 kobolds
  4 rats
  A spectral kobold (D:2)
  A butterfly (Lair:2)
731 creatures vanquished.

Vanquished Creatures (collateral kills)
  A troll (Orc:1)
  2 ogres (Orc:1)
  2 orc priests (Orc:2)
  An orc wizard (Orc:1)
  3 orcs (Orc:1)
9 creatures vanquished.

Vanquished Creatures (others)
  A hydra (Swamp:1)
  An unseen horror (D:11)
  2 bloated husks
  A wyvern (D:9)
  2 kobolds (D:12)
  24 fungi
  52 plants
83 creatures vanquished.

Grand Total: 823 creatures vanquished

Notes
Turn   | Place    | Note
-------+----------+-------------------------------------------
     0 | D:1      | glaedl the Troll Fighter began the quest for the Orb.
     0 | D:1      | Reached XP level 1. HP: 22/22 MP: 0/0
   300 | D:1      | Reached XP level 2. HP: 29/29 MP: 1/1
   747 | D:2      | Found a faded altar of an unknown god.
   764 | D:2      | Found Oleaq's Assorted Antiques.
   793 | D:2      | Bought a scroll of identify for 34 gold pieces
   793 | D:2      | Bought a bubbling coppery potion for 15 gold pieces
   793 | D:2      | Bought a lumpy red potion for 15 gold pieces
   863 | D:2      | Noticed Sigmund
   870 | D:2      | Killed Sigmund
   871 | D:2      | Reached skill level 3 in Unarmed Combat
   871 | D:2      | Reached XP level 3. HP: 29/37 MP: 2/2
   871 | D:2      | Reached XP level 4. HP: 36/45 MP: 3/3
   871 | D:2      | Reached XP level 5. HP: 42/53 MP: 4/4
   902 | D:2      | Noticed Natasha
   908 | D:2      | Killed Natasha
  1021 | D:2      | Noticed a phantom
  1026 | D:2      | Killed a phantom
  1027 | D:2      | Reached XP level 6. HP: 56/61 MP: 5/5
  1208 | D:2      | Noticed Natasha
  1212 | D:2      | Killed Natasha
  1238 | D:2      | Noticed Natasha
  1249 | D:2      | Killed Natasha
  1541 | D:3      | Reached skill level 4 in Unarmed Combat
  1698 | D:3      | Found a white marble altar of Elyvilon.
  1698 | D:3      | Found a radiant altar of Vehumet.
  1823 | D:3      | Found a runed translucent door.
  1824 | D:3      | Noticed Crazy Yiuf
  1846 | D:3      | Found a stormy altar of Qazlal.
  1894 | D:3      | Found a blossoming altar of Fedhas.
  1905 | D:3      | Became a worshipper of Qazlal Stormbringer
  1908 | D:3      | Found an opulent altar of Gozag.
  1908 | D:3      | Found a burning altar of Makhleb.
  1908 | D:3      | Found a basalt altar of Yredelemnul.
  1912 | D:3      | Found a bloodstained altar of Trog.
  1913 | D:3      | Found a shimmering blue altar of Sif Muna.
  2187 | D:3      | Found a hide-covered altar of Uskayaw.
  2206 | D:3      | Reached XP level 7. HP: 68/68 MP: 6/6
  2413 | D:3      | Killed Crazy Yiuf
  3057 | D:4      | Identified the +5 spear "Lizium" {flame, *Corrode rElec
                  | Will+ Str+3}
  3824 | D:5      | Entered Level 5 of the Dungeon
  3951 | D:5      | Reached skill level 5 in Unarmed Combat
  4021 | D:5      | Reached * piety under Qazlal
  4022 | D:5      | Reached XP level 8. HP: 74/79 MP: 7/7
  4026 | D:5      | Reached skill level 5 in Shields
  4397 | D:6      | Reached skill level 5 in Fighting
  4436 | D:6      | Reached skill level 5 in Dodging
  4652 | D:6      | Reached skill level 6 in Unarmed Combat
  4683 | D:6      | Reached ** piety under Qazlal
  4711 | D:6      | Reached XP level 9. HP: 88/88 MP: 8/8
  4734 | D:6      | Found Ulielu's Antique Armour Emporium.
  4756 | D:6      | Bought a glowing cloak for 142 gold pieces
  4972 | D:7      | Noticed Joseph
  4994 | D:7      | Killed Joseph
  5089 | D:7      | Noticed Prince Ribbit
  5117 | D:7      | Killed Prince Ribbit
  5296 | D:7      | Reached skill level 7 in Unarmed Combat
  5296 | D:7      | HP: 2/89 [killer bee (3)]
  5397 | D:7      | Identified the +2 robe of Heedah {rPois rC++ Int-3 Dex+2}
  5703 | D:7      | Found a staircase to the Ecumenical Temple.
  6311 | D:8      | Reached XP level 10. HP: 90/100 MP: 9/9
  6420 | D:8      | Found Cuiwicoi's Assorted Antiques.
  6428 | D:8      | Bought a square brass amulet for 135 gold pieces
  6766 | D:9      | Noticed Pikel
  6777 | D:9      | Noticed a two-headed ogre
  6781 | D:9      | Killed Pikel
  6789 | D:9      | Killed a two-headed ogre
  6790 | D:9      | Reached skill level 8 in Unarmed Combat
  6858 | D:9      | Noticed Harold
  6870 | D:9      | Killed Harold
  6935 | D:9      | Noticed a two-headed ogre
  6944 | D:9      | Killed a two-headed ogre
  6958 | D:9      | Reached skill level 9 in Unarmed Combat
  7000 | D:9      | Found a flagged portal.
  7005 | Bailey   | Entered a bailey
  7081 | Bailey   | Noticed an orc knight
  7093 | Bailey   | Killed an orc knight
  7094 | Bailey   | Reached *** piety under Qazlal
  7182 | Bailey   | Noticed an orc warlord
  7196 | Bailey   | Killed an orc warlord
  7197 | Bailey   | Reached XP level 11. HP: 55/109 MP: 10/10
  7278 | Bailey   | Acquired the +1 kite shield of the Trombone {Harm Will+
                  | rCorr Str+2}
  7820 | D:9      | Found a staircase to the Lair.
  7855 | Lair:1   | Entered Level 1 of the Lair of Beasts
  7912 | Lair:1   | Reached **** piety under Qazlal
  7913 | Lair:1   | Reached skill level 10 in Unarmed Combat
  8054 | Lair:1   | Found a dark tunnel.
  8064 | Volcano  | Entered a volcano
  8092 | Volcano  | Reached skill level 11 in Unarmed Combat
  8230 | Volcano  | Noticed a stone giant
  8249 | Volcano  | Killed a stone giant
  8251 | Volcano  | Reached skill level 1 in Maces & Flails
  8360 | Volcano  | Found a burning altar of Makhleb.
  8386 | Volcano  | Found a radiant altar of Vehumet.
  8508 | Lair:1   | Reached XP level 12. HP: 111/118 MP: 11/11
  8638 | Lair:1   | Reached ***** piety under Qazlal
  9033 | Lair:1   | Reached skill level 10 in Shields
  9150 | Lair:2   | Noticed Erica
  9156 | Lair:2   | Killed Erica
  9202 | Lair:2   | Reached skill level 12 in Unarmed Combat
  9845 | Lair:3   | Noticed a boulder beetle
  9866 | Lair:3   | Killed a boulder beetle
  9955 | Lair:3   | Reached skill level 13 in Unarmed Combat
 10066 | Lair:3   | Noticed Amaemon
 10082 | Lair:3   | Killed Amaemon
 10083 | Lair:3   | Reached XP level 13. HP: 127/127 MP: 3/12
 10164 | Lair:3   | Reached skill level 1 in Invocations
 10184 | Lair:3   | Found a blossoming altar of Fedhas.
 10303 | Lair:3   | Identified the +3 ring mail "Suliqy" {rElec rF+++ SInv
                  | Stlth-}
 10395 | Lair:3   | Found a staircase to the Snake Pit.
 10696 | Lair:3   | Found a staircase to the Swamp.
 10922 | Lair:4   | Reached skill level 1 in Stealth
 10942 | Lair:4   | Reached skill level 1 in Evocations
 10986 | Lair:4   | Noticed a dire elephant
 10994 | Lair:4   | Killed a dire elephant
 11866 | Lair:5   | Entered Level 5 of the Lair of Beasts
 11867 | Lair:5   | Found a frozen archway.
 11877 | Lair:5   | Reached skill level 10 in Dodging
 11881 | Lair:5   | Reached ****** piety under Qazlal
 11901 | IceCv    | Entered an ice cave
 11954 | IceCv    | Reached skill level 14 in Unarmed Combat
 11993 | IceCv    | Noticed a reaper
 12020 | IceCv    | Killed a reaper
 12384 | Lair:5   | Identified the +1 scale mail "Ceys" {*Corrode Fly MP+9
                  | Int+3}
 12511 | Lair:5   | Found a staircase to the Slime Pits.
 12637 | Lair:5   | Reached XP level 14. HP: 53/137 MP: 7/14
 13076 | Lair:5   | Reached skill level 5 in Maces & Flails
 13302 | Lair:5   | Identified the +9 shortbow of the Blushing Sybil {vorpal,
                  | rC+ Will+ Dex+6}
 13672 | D:10     | Entered Level 10 of the Dungeon
 13969 | D:10     | Noticed Josephine
 13973 | D:10     | Killed Josephine
 14346 | D:11     | Reached skill level 15 in Unarmed Combat
 14359 | D:11     | Noticed Snorg
 14369 | D:11     | Killed Snorg
 14390 | D:11     | You fall into a shaft and drop 2 floors!
 14550 | D:13     | Identified the +2 rapier "Tauts" {vorpal, Stlth+}
 14866 | D:13     | Paralysed by an air elemental for 1 turns
 14971 | D:12     | Noticed Psyche
 14985 | D:12     | Killed Psyche
 14993 | D:12     | Noticed Frances
 15001 | D:12     | Killed Frances
 15623 | D:11     | Reached XP level 15. HP: 145/145 MP: 15/15
 15635 | D:11     | Reached skill level 16 in Unarmed Combat
 15899 | D:11     | Found the +5 robe of Misfortune {Harm *Corrode *Slow EV+5}
 16003 | D:11     | Identified the amulet "Maurri" {Regen+ Int+3}
 16005 | D:11     | Identified the ring "Guympotti" {Fly rN+ Int+4 SInv}
 16005 | D:11     | Found the ring of Shadows {Umbra +Inv Stlth+}
 16008 | D:11     | Got Sif Muna's Monograph on Damaging Intoxication
 16190 | D:11     | Found Ciutser's Antique Weapon Emporium.
 16283 | D:11     | Found a staircase to the Orcish Mines.
 16341 | Orc:1    | Entered Level 1 of the Orcish Mines
 16742 | Orc:2    | Entered Level 2 of the Orcish Mines
 16977 | Orc:2    | Found a staircase to the Elven Halls.
 17359 | Orc:2    | Found Iduxol's Jewellery Emporium.
 17364 | Orc:2    | Found Xog Tufi's Jewellery Shop.
 17368 | Orc:2    | Bought the ring of Imoikesch {rElec rF+ rN+ Str+4} for 741
                  | gold pieces
 17371 | Orc:2    | Found Tumint's General Store.
 17373 | Orc:2    | Found Efefebbe's Jewellery Emporium.
 17379 | Orc:2    | Bought a scroll of identify for 22 gold pieces
 17420 | Orc:2    | Found Ytuixiw's Assorted Antiques.
 17428 | Orc:2    | Bought a scroll of identify for 52 gold pieces
 17793 | Swamp:1  | Entered Level 1 of the Swamp
 17884 | Swamp:1  | Reached skill level 17 in Unarmed Combat
 18425 | Swamp:1  | Noticed a fenstrider witch
 18432 | Swamp:1  | Killed a fenstrider witch
 18476 | Swamp:1  | HP: 9/217 [alligator (22)]
 18925 | Swamp:2  | Reached XP level 16. HP: 120/154 MP: 10/17
 19234 | Swamp:2  | Noticed Donald
 19244 | Swamp:2  | Killed Donald
 19930 | Swamp:3  | HP: 1/154 [spriggan air mage/the air (21)]
 19938 | Swamp:3  | Killed from afar by an eleionoma

Illustrated notes

Levels and vault maps discovered:
D:1:      dpeg_arrival_three_same_balls, layout_loops_ring, minmay_box_of_dots
D:2:      layout_basic, serial_shops, shop_coins,
          dreamdust_ecumenical_altar_drowned_temple, uniq_natasha, uniq_sigmund
D:3:      layout_loops_ring, minitemple,
          chequers_temple_overflow_statue_of_worship,
          mainiacjoe_overflow_brackets, uniq_crazy_yiuf_cottage
D:4:      layout_layer_cave
D:5:      layout_basic
D:6:      layout_cave_pools, serial_shops, nicolae_shop_hallway_stairs,
          nicolae_figureground_sparkle
D:7:      layout_gridville, minmay_temple_entry_grid, serial_co_window_serial,
          co_window_of_opportunity_a, co_window_paths_b,
          co_window_of_opportunity_a, co_window_of_opportunity_a,
          co_window_paths_a, co_window_corner_a, co_window_of_opportunity_a,
          co_window_paths_c, co_window_of_opportunity_b, co_window_broadway_a,
          co_window_unsneaky_path_d, co_window_of_opportunity_c, uniq_joseph,
          uniq_prince_ribbit1
D:8:      layout_basic, serial_shops, nicolae_shop_overgrown_old_shop
D:9:      layout_basic, david_lair_shrubbed, enter_bailey_3, uniq_pikel,
          uniq_harold
D:10:     layout_roguey, uniq_josephine
D:11:     minmay_the_grid_square_5x5_3x3
          [minmay_the_grid_square_5x5_inverted_slash,
          minmay_the_grid_square_5x5_corner, minmay_the_grid_square_5x5_n,
          minmay_the_grid_square_5x5_bracketed,
          minmay_the_grid_square_5x5_megaprize_checkered,
          minmay_the_grid_square_5x5_bite, minmay_the_grid_square_5x5_mess,
          minmay_the_grid_square_5x5_inset,
          minmay_the_grid_square_5x5_doubleslash], layout_cave_pools,
          erik_orc_1, serial_shops, kennysheep_mini_moat, uniq_snorg
D:12:     layout_rooms, uniq_frances, uniq_psyche
D:13:     layout_roguey, dreamdust_looks_like_rain
Lair:1:   layout_roguey, nicolae_volcano_entry_two_sided, grunt_megastairs_3
Lair:2:   layout_cave_pods, grunt_megastairs_4, lemuel_fruit_fields, uniq_erica
Lair:3:   layout_chaotic_city, minmay_swamp_entry_worms,
          minmay_snake_entry_six_corridors, lemuel_oklob_altar, uniq_amaemon
Lair:4:   layout_regular_city, beast_lair_carwin_10, lemuel_fruit_tree
Lair:5:   evilmike_catoblepas_cave, layout_loops_ring, slime_entry_1,
          portal_ice_cave_entry_pillars_1, dreamdust_wasp_nest
Swamp:1:  layout_falls_marsh, nicolae_swamp_big_swirl, swamp_pool3,
          grunt_witch_cave
Swamp:2:  layout_falls_marsh, infiniplex_staircase_pool_2, swamp_pool2,
          uniq_donald
Swamp:3:  layout_basic_swamp, serial_swamp_ruin, hangedman_swamp_ruin_wall,
          evilmike_swamp_ruin_house_4
Orc:1:    layout_diamond_mine, rock_pile
Orc:2:    st_orc_elflike, layout_diamond_mine, serial_shops,
          nicolae_diamond_shop, basic_altar

Skill      XL: |  1  2  3  4  5  6  7  8  9 10 11 12 13 14 15 16 |
---------------+-------------------------------------------------+-----
Shields        | 3 4 5 7 8 9 10 11 12 13 14 | 14.3
Fighting       | 3 4 5 6 7 8 |  8.9
Dodging        | 3 4 5 6 7 8 9 10 11 12 | 12.0
Unarmed Combat | 3 4 5 6 7 9 11 13 14 15 17 | 17.4
Maces & Flails | 1 4 5 6 |  6.3
Invocations    | 2 3 |  3.1
Stealth        | 1 2 |  2.0
Evocations     | 1 |  1.6
Throwing       | |  0.8

Action                   |  1- 3 |  4- 6 |  7- 9 | 10-12 | 13-15 | 16-18 || total
-------------------------+-------+-------+-------+-------+-------+-------++-------
Melee: Unarmed           |    38 |   152 |   362 |   459 |   757 |    89 ||  1857
       Whip              |       |       |       |    49 |       |       ||    49
       Demon whip        |       |       |       |       |   283 |       ||   283
Throw: Throwing net      |       |       |       |     4 |       |       ||     4
       Large rock        |       |       |       |       |     4 |     2 ||     6
Invok: Upheaval          |       |       |     1 |     5 |    18 |     5 ||    29
       Elemental Force   |       |       |       |       |       |     1 ||     1
Evoke: Wand              |       |       |    25 |     5 |    16 |       ||    46
  Use: Potion            |     5 |     1 |     9 |     3 |    11 |     3 ||    32
       Scroll            |     4 |       |    17 |     4 |    14 |     7 ||    46
 Stab: Distracted        |       |       |       |       |     1 |       ||     1
       Confused          |       |       |       |       |       |     2 ||     2
Armor: Robe              |     8 |    46 |   108 |    94 |   134 |    13 ||   403
       Skin              |       |       |       |       |    19 |       ||    19
Dodge: Dodged            |     7 |    43 |   146 |   141 |   250 |    38 ||   625
       Repelled          |       |       |       |     4 |     2 |     6 ||    12
Block: Kite shield       |    16 |    41 |   222 |   421 |   916 |   107 ||  1723
       Reflection        |       |       |       |       |    21 |     3 ||    24

Table legend: (Time is in decaauts)
 A = Elapsed time spent in this place.
 B = Non-inter-level travel time spent in this place.
 C = Inter-level travel time spent in this place.
 D = Time resting spent in this place.
 E = Time spent auto-exploring this place.
 F = Levels seen in this place.
 G = Mean time per level.
                   A        B        C        D        E       F      G
               +--------+--------+--------+--------+--------+-----+--------+
         Total |  19623 |  18821 |    802 |   1522 |  12792 |  26 |  754.7 |
       Dungeon |  10276 |   9825 |    451 |    464 |   7434 |  13 |  790.5 |
          Lair |   4860 |   4574 |    286 |    293 |   3321 |   5 |  972.0 |
         Swamp |   2076 |   2043 |     33 |    528 |    825 |   3 |  692.0 |
  Orcish Mines |   1250 |   1219 |     31 |     71 |    891 |   2 |  625.0 |
        Bailey |    375 |    375 |      0 |     78 |      2 |   1 |  375.0 |
      Ice Cave |    437 |    437 |      0 |     53 |    171 |   1 |  437.0 |
       Volcano |    346 |    346 |      0 |     35 |    148 |   1 |  346.0 |
               +--------+--------+--------+--------+--------+-----+--------+

Top non-repeatable levels by time:
     D:4: 1337 daAuts
 Swamp:1: 1252 daAuts
  Lair:5: 1102 daAuts
     D:3: 1099 daAuts
  Lair:3: 1069 daAuts
     D:7: 1039 daAuts
     D:9: 975 daAuts
  Lair:4: 974 daAuts
  Lair:2: 866 daAuts
  Lair:1: 848 daAuts
   Orc:2: 843 daAuts
    D:11: 817 daAuts
     D:8: 732 daAuts
     D:2: 688 daAuts
     D:1: 684 daAuts
